Map: Odyssey LE

Players

Salvite

  • Race: Terran Terran
  • Spawn Location: 11:00

Kenshin - Winner!

  • Race: Protoss Protoss
  • League: Silver
  • Spawn Location: 5:00

VOD

Have the link to the VOD?

Description

Time

  • Played on: May 31, 2017, 9:21 a.m.
  • Length: 4:35
Show
View Real Time Build Order
Export as new Build Order

Salvite Terran 

Build Orders:  

Get SALT Encoding   

  12  0:04  SCV  
  13  0:16  SCV  
  14  0:27  Supply Depot  
  14  0:28  SCV  
  15  0:48  SCV  
  16  0:52  Barracks  
  16  1:01  SCV  
  17  1:13  SCV  
  18  1:34  SCV  
  19  1:42  Barracks  
  19  1:49  Marine  
  20  2:07  Marine  
  21  2:25  Marine, SCV  
  23  2:31  Refinery  
  23  2:33  Supply Depot  
  23  2:54  Marine  
  24  3:01  Supply Depot  
  24  3:12  Marine  
  25  3:29  Command Center  
  25  3:49  Orbital Command  
Show
View Real Time Build Order
Export as new Build Order

Kenshin Protoss - Winner!

Build Orders:  

Get SALT Encoding   

  12  0:01  Probe (Chrono Boost)  
  13  0:12  Probe (Chrono Boost)  
  14  0:18  Pylon  
  14  0:27  Probe (Chrono Boost)  
  15  0:38  Gateway  
  15  0:43  Assimilator  
  15  0:47  Probe (Chrono Boost)  
  16  0:57  Probe (Chrono Boost)  
  17  1:16  Pylon  
  17  1:20  Probe (Chrono Boost)  
  18  1:27  Cybernetics Core  
  18  1:32  Gateway  
  19  1:47  Probe (Chrono Boost)  
  19  1:56  Warp Gate  
  19  2:01  Gateway  
  19  2:02  Stalker  
  21  2:15  Pylon  
  21  2:21  Stalker  
  23  2:25  Assimilator  
  23  2:31  Stalker  
  25  2:44  Pylon  
  25  2:51  Stalker  
  27  3:02  Probe (Chrono Boost)  
  27  3:04  Stalker  
  30  3:10  Stalker  
  32  3:19  Stalker  
  34  3:35  Pylon  
  34  4:02  Stalker x3  
Tags
 
League
Silver
Matchup
PvT
Spawn Locations
Cross Positions
Add a new tag
Caveats
  • Supply blocks, unpowered buildings, or Contaminate may cause inaccurate times.
  • Supply counts are checked every 10 seconds.